 Dungeon Crawl Stone Soup version 0.29.1-13-g9f3cf754e1 (webtiles) character file.

Game seed: 6807026986176931512

22 Ast3rio the Grave Robber (level 2, 0/19 HPs)
             Began as a Vampire Necromancer on Feb 9, 2023.
             Was an Initiate of Ru.
             Slain by a jackal (2 damage)
             ... on level 1 of the Dungeon.
             The game lasted 00:04:44 (360 turns).

Ast3rio the Grave Robber (Vampire Necromancer)       Turns: 360, Time: 00:04:45

Health: 0/19       AC:  2    Str:  7    XL:     2   Next: 68%
Magic:  2/5        EV: 12    Int: 17    God:    Ru [......]
Gold:   32         SH:  0    Dex: 14    Spells: 4/5 levels left

rFire   . . .      SeeInvis +   d - +0 short sword
rCold   . . .      Faith    .   (no shield)
rNeg    . . .      Spirit   .   a - +0 robe
rPois   .          Reflect  .   (no helmet)
rElec   .          Harm     .   (no cloak)
rCorr   .          Rampage  .   (no gloves)
Will    .....                   (no boots)
Stlth   ++........              (no amulet)
HPRegen 0.26/turn               (no ring)
MPRegen 0.09/turn               (no ring)

@: healing quickly
A: alive, fangs 3, see invisible, vampiric 1
a: Exsanguinate, Renounce Religion, Sacrifice Experience, Sacrifice Drink,
Sacrifice Courage, Reject Sacrifices


You were on level 1 of the Dungeon.
You worshipped Ru.
Ru was noncommittal.
You visited 1 branch of the dungeon, and saw 1 of its levels.

You collected 32 gold pieces.

Inventory:

Hand Weapons
 d - a +0 short sword (weapon)
Armour
 a - a +0 robe (worn)
Potions
 b - a potion of magic


   Skills:
 + Level 0.1 Fighting
 + Level 0.2 Short Blades
 + Level 2.3 Dodging
 + Level 3.6 Stealth
 + Level 2.1 Spellcasting
 + Level 4.8 Necromancy


You had 4 spell levels left.
You knew the following spells:

 Your Spells              Type           Power      Damage    Failure   Level
a - Necrotise             Necr           72%        1d7       2%          1

Your spell library contained the following spells:

 Spells                   Type           Power      Damage    Failure   Level
 Vampiric Draining        Necr           18%        2d7       8%          3
 Animate Dead             Necr           18%        N/A       26%         4
 Agony                    Necr           18%        N/A       58%         5


Dungeon Overview and Level Annotations

Branches:
Dungeon (1/15)

Altars:
Ru


Innate Abilities, Weirdness & Mutations

Your natural rate of healing is accelerated.
You have razor-sharp teeth.
You have supernaturally acute eyesight. (SInv)
You are afflicted with vampirism.


Message History

The jackal barely misses you. The jackal misses you. The hobgoblin misses you.
The hobgoblin closely misses you. The jackal bites you.
You closely miss the hobgoblin. Your bite misses the hobgoblin.
The hobgoblin is moderately wounded.
The jackal misses you.
The jackal bites you but does no damage.
The hobgoblin closely misses you. The hobgoblin hits you.
* * * LOW HITPOINT WARNING * * *
The jackal barely misses you. The jackal bites you.
* * * LOW HITPOINT WARNING * * *
Casting: Necrotise (safe; 2% risk of failure)
Confirm with . or Enter, or press ? or * to list all spells.
Aiming: Necrotise (safe; 2% risk of failure)
Press: ? - help, Shift-Dir - straight line, f - hobgoblin, p - jackal
Aim: a hobgoblin (moderately wounded, chance to affect: 88%)
The hobgoblin writhes in agony.
You kill the hobgoblin!
The dead are walking!
The jackal bites you but does no damage.
The rat twitches its whiskers.
The rat bites your hobgoblin skeleton. The hobgoblin barely misses you.
The jackal closely misses you.
Casting: Necrotise (safe; 2% risk of failure)
Confirm with . or Enter, or press ? or * to list all spells.
Aiming: Necrotise (safe; 2% risk of failure)
Press: ? - help, Shift-Dir - straight line, f - jackal
Aim: a jackal (severely wounded, chance to affect: 88%)
The jackal writhes in agony.
You kill the jackal!
The dead are walking!
The jackal bites you but does no damage.
The rat bites your hobgoblin skeleton. The hobgoblin misses you.
The jackal barely misses you.
Casting: Necrotise (safe; 2% risk of failure)
Confirm with . or Enter, or press ? or * to list all spells.
Aiming: Necrotise (safe; 2% risk of failure)
Press: ? - help, Shift-Dir - straight line, f - jackal
Aim: a jackal (moderately wounded, ally target, chance to affect: 88%)
The jackal writhes in agony.
The jackal bites you.
You die...

#### #.. #.####.##.
########.g.......
##.....Z.@h#
##..######Z##
#######.#.#.. ..r..
.......###........?..
..#####.#.#.###........
...#####.##.###..##....
.................. ..)g
...###......###... ...
..####.#.####


You could see a jackal (ally target), a hobgoblin, a rat (ally target), a
friendly jackal skeleton and a friendly hobgoblin skeleton.

Vanquished Creatures
  2 endoplasms (D:1)
  A giant cockroach (D:1)
  3 hobgoblins (D:1)
  2 jackals (D:1)
  2 quokkas (D:1)
  A ball python (D:1)
  A frilled lizard (D:1)
  2 goblins (D:1)
  3 kobolds (D:1)
  2 rats (D:1)
19 creatures vanquished.

Notes
Turn   | Place    | Note
-------+----------+-------------------------------------------
     0 | D:1      | Ast3rio the Vampire Necromancer began the quest for the
                  | Orb.
     0 | D:1      | Reached XP level 1. HP: 13/13 MP: 3/3
   187 | D:1      | Reached XP level 2. HP: 19/19 MP: 5/5
   194 | D:1      | Found a faded altar of an unknown god.
   228 | D:1      | Prayed at the altar of an unknown god.
   228 | D:1      | Became a worshipper of Ru the Awakened
   360 | D:1      | Slain by a jackal

Illustrated notes

Levels and vault maps discovered:
D:1:      dpeg_arrival_erosion, layout_loops_ring, basic_ecumenical_altar,
          serial_shops, nicolae_shop_trees

Action                   || total
-------------------------++-------
Melee: Dagger            ||    34
       Unarmed           ||    15
       Bite              ||     4
       Short sword       ||    26
 Cast: Necrotise         ||     9
 Stab: Sleeping          ||     2
Armor: Robe              ||    14
Dodge: Dodged            ||    72
